 Dungeon Crawl Stone Soup version 0.27.1-1-g398f81649c (webtiles) character file.

Game seed: 5042659393933891062

198 Atelerd the Digger (level 5, -7/32 HPs)
             Began as an Octopode Earth Elementalist on Sept 21, 2021.
             Killed by divine providence
             ... invoked by an orc priest
              (16 damage)
             ... on level 4 of the Dungeon.
             The game lasted 00:05:18 (3565 turns).

Atelerd the Digger (Octopode Earth Elementalist)    Turns: 3565, Time: 00:05:19

Health: -7/32      AC:  1    Str:  7    XL:     5   Next: 77%
Magic:  3/9        EV: 13    Int: 18    God:
Gold:   64         SH:  0    Dex: 13    Spells: 4/9 levels left

rFire    . . .     SeeInvis .   i - +1 short sword (speed)
rCold    . . .     Faith    .   (no shield)
rNeg     . . .     Spirit   .   (helmet restricted)
rPois    .         Reflect  .   (no amulet)
rElec    .         Harm     .   (no ring)
rCorr    .         Rampage  .   (no ring)
Will     .....                  (no ring)
Stlth    +++.......             (no ring)
HPRegen  0.10/turn              (no ring)
MPRegen  0.11/turn              (no ring)
                                (no ring)
                                (no ring)

@: no status effects
A: almost no armour, amphibious, 8 rings, camouflage 1, gelatinous body 1,
(nimble swimmer 1), tentacles
a: no special abilities


You were on level 4 of the Dungeon.
You visited 1 branch of the dungeon, and saw 4 of its levels.

You collected 124 gold pieces.
You spent 60 gold pieces at shops.

Inventory:

Hand Weapons
 d - a +0 dagger
 i - a +1 short sword of speed (weapon)
Missiles
 b - 40 stones
Scrolls
 a - 2 scrolls of torment {unknown}
 c - 3 scrolls of noise {unknown}
Potions
 e - a potion of ambrosia
 f - a potion of heal wounds
 g - a potion of curing
 h - 3 potions of berserk rage {unknown}
 j - a potion of might {unknown}
 k - a potion of degeneration {unknown}


   Skills:
 + Level 0.8 Fighting
 - Level 2.0 Dodging
 + Level 2.9 Stealth
 + Level 2.9 Spellcasting
 * Level 3.3 Transmutations
 * Level 4.4 Earth Magic


You had 4 spell levels left.
You knew the following spells:

 Your Spells              Type           Power      Damage    Failure   Level
a - Sandblast             Erth           36%        2d10      2%          1
p - Petrify               Tmut/Erth      16%        N/A       32%         4

Your spell library contained the following spells:

 Spells                   Type           Power      Damage    Failure   Level
 Passwall                 Tmut/Erth      13%        N/A       4%          2
 Stone Arrow              Conj/Erth      20%        3d8       21%         3


Dungeon Overview and Level Annotations

Branches:
Dungeon (4/15)
 Temple: D:4-7

Altars:

Shops:
D:3 ?

Annotations:
D:2 exclusion: downstairs
D:3 1 runed translucent door, Crazy Yiuf


Innate Abilities, Weirdness & Mutations

You cannot wear most types of armour.
You are amphibious.
You can wear up to eight rings at the same time.
Your skin changes colour to match your surroundings (Stealth+).
Your rubbery body absorbs attacks. (AC +1, EV +1)
((You are camouflaged near water. (Stealth+)))
You have tentacles for arms and can constrict up to eight enemies at once.


Message History

An orc comes into view. It is wielding a +0 hand axe.
The blast of sand hits the iguana but does no damage.
The blast of sand hits the iguana but does no damage.
The blast of sand hits the iguana.
The iguana is moderately wounded.
The iguana bites you!
The blast of sand hits the iguana!
The iguana is almost dead.
The iguana barely misses you.
The blast of sand misses the iguana.
The blast of sand misses the orc.
The iguana barely misses you.
Casting: Sandblast (safe; 2% risk of failure)
Confirm with . or Enter, or press ? or * to list all spells.
Aiming: Sandblast (safe; 2% risk of failure)
Press: ? - help, Shift-Dir - straight line, f/p - iguana
Aim: an iguana (almost dead, 82% to hit)
The blast of sand hits the iguana.
You kill the iguana!
An orc priest comes into view. It is wielding a +0 flail.
Unknown command.
Casting: Sandblast (safe; 2% risk of failure)
Confirm with . or Enter, or press ? or * to list all spells.
Aiming: Sandblast (safe; 2% risk of failure)
Press: ? - help, Shift-Dir - straight line, f - orc
Aim: an orc, wielding a +0 hand axe and wearing a +0 leather armour (79% to hit)
The blast of sand hits the orc!
You kill the orc!
An orc comes into view. It is wielding a +0 flail.
An orc comes into view. It is wielding a +0 dagger.
An orc priest comes into view. It is wielding a +0 mace.
The orc priest shouts!
You hear a shout!
The orc priest looks satisfied for a moment.
The orc priest mumbles some strange prayers to Beogh against you.
Beogh smites you!
* * * LOW HITPOINT WARNING * * *
There is a stone staircase leading up here.
The orc priest calls down the wrath of Beogh upon you.
Beogh smites you!
Ouch! That really hurt!
You die...

.###.o................#
........##............#
.......###.o...........#
........##...........##.
#...................#
#.........o........#
##..#.....o........#
#.######.........## #..
#.@........ #.
##.........# #.
#.........## .
#.#.......# ..
#.###.....## #.. #.....#
.... #....## .... ##..#.
.## .##.#


You could see 2 orc priests and an orc.

Vanquished Creatures
  A bullfrog skeleton (D:2)
  Jessica (D:2)
  An iguana (D:4)
  Robin (D:3)
  2 adders (D:2)
  2 worms (D:2)
  2 dart slugs (D:1)
  6 orcs
  5 bats
  6 endoplasms
  4 giant cockroaches
  6 goblins
  7 hobgoblins
  2 jackals (D:1)
  2 quokkas (D:2)
  9 ball pythons
  4 frilled lizards
  6 kobolds
  6 rats
73 creatures vanquished.

Notes
Turn   | Place    | Note
-------+----------+-------------------------------------------
     0 | D:1      | Atelerd the Octopode Earth Elementalist began the quest for
                  | the Orb.
     0 | D:1      | Reached XP level 1. HP: 11/11 MP: 3/3
   350 | D:1      | Reached XP level 2. HP: 5/17 MP: 0/5
  1113 | D:1      | Reached XP level 3. HP: 10/21 MP: 1/6
  1510 | D:1      | Found a faded altar of an unknown god.
  1861 | D:2      | Reached XP level 4. HP: 16/27 MP: 2/7
  2114 | D:2      | Reached skill level 4 in Earth Magic
  2212 | D:2      | Noticed Jessica
  2221 | D:2      | Killed Jessica
  2222 | D:2      | Reached XP level 5. HP: 31/31 MP: 6/9
  2669 | D:3      | Found Guskacs's Magic Scroll Emporium.
  2701 | D:3      | Bought a scroll of identify for 20 gold pieces
  2701 | D:3      | Bought a scroll of identify for 20 gold pieces
  2701 | D:3      | Bought a scroll of identify for 20 gold pieces
  3052 | D:3      | Noticed Robin
  3257 | D:3      | Killed Robin
  3341 | D:3      | Found a runed translucent door.
  3342 | D:3      | Noticed Crazy Yiuf
  3483 | D:3      | Learned a level 4 spell: Petrify
  3565 | D:4      | Killed from afar by an orc priest

Illustrated notes

Levels and vault maps discovered:
D:1:      minmay_arrival_loop, layout_rooms, dilly_ecumenical_altar_fadedgnrine
D:2:      layout_rooms, minmay_fractal_squares_gapless_5, uniq_jessica
D:3:      layout_rooms, serial_shops, shop, uniq_crazy_yiuf_cottage, uniq_robin
D:4:      layout_layer_cave, uniq_menkaure

Skill      XL: |  1  2  3  4 |
---------------+-------------+-----
Transmutations | 2 3 |  3.3
Earth Magic    | 4 |  4.4
Fighting       | |  0.8
Dodging        | |  2.0
Stealth        | |  2.9
Spellcasting   | |  2.9

Action                   |  1- 3 |  4- 6 || total
-------------------------+-------+-------++-------
Melee: Unarmed           |    34 |       ||    34
       Constrict         |    16 |    19 ||    35
       Tentacles         |    11 |    13 ||    24
       Dagger            |    13 |    42 ||    55
       Short sword       |       |    31 ||    31
 Cast: Sandblast         |    26 |    28 ||    54
  Use: Scroll            |       |     3 ||     3
 Stab: Sleeping          |     7 |     7 ||    14
Armor: Skin              |    11 |     7 ||    18
Dodge: Dodged            |    32 |    46 ||    78
